 Dungeon Crawl Stone Soup version 0.31-a0-185-g9dded2c639 (webtiles) character file.

Game seed: 9795095184578870120

81 qw the Shooter (level 4, -5/25 HPs)
             Began as a Deep Elf Hunter on June 22, 2023.
             Slain by an iguana (7 damage)
             ... on level 4 of the Dungeon.
             The game lasted 00:00:41 (1694 turns).

qw the Shooter (Deep Elf Hunter)                    Turns: 1694, Time: 00:00:42

Health: -5/25      AC:  5    Str: 10    XL:     4   Next: 19%
Magic:  6/6        EV: 11    Int: 14    God:
Gold:   156        SH:  0    Dex: 18    Spells: 3/3 levels left

rFire   . . .        Y - +0 shortbow
rCold   . . .        (shield currently unavailable)
rNeg    . . .        d - +0 ring mail
rPois   .            (no helmet)
rElec   .            (no cloak)
rCorr   +            (no gloves)
SInv    .            (no boots)
Will    .....        (no amulet)
Stlth   +            h - ring of resist corrosion
HPRegen 0.24/turn    (no ring)
MPRegen 0.10/turn

%: no passive effects
@: lethally poisoned (-5 -> -19)
A: no striking features
a: no special abilities


You were on level 4 of the Dungeon.
You visited 1 branch of the dungeon, and saw 4 of its levels.

You collected 156 gold pieces.


   Skills:
 - Level 1.5 Fighting
 + Level 7.6 Ranged Weapons
 - Level 2.4 Dodging
 - Level 1.2 Stealth


You had 3 spell levels left.
You didn't know any spells.
Your spell library was empty.

Inventory:

Hand Weapons
 Y - a +0 shortbow (weapon)
Armour
 a - a +0 helmet
 d - a +0 ring mail (worn)
Jewellery
 h - a ring of resist corrosion (left hand)
Scrolls
 c - 3 scrolls of identify
Potions
 b - a potion of curing {unknown}
 e - 2 potions of attraction {unknown}
 f - a potion of lignification {unknown}
 g - a potion of brilliance {unknown}
 i - a potion of resistance
 j - a potion of haste {unknown}

Dungeon Overview and Level Annotations

Branches:
Dungeon (4/15)
 Temple: D:4-7

Altars:
Sif Muna
Xom


Message History

You kill the orc!
A scorpion and an iguana come into view.
The scorpion moves out of view.
Enter note:
Enter note:
Enter note: You shoot an arrow.
The arrow hits the iguana.
The iguana is lightly wounded.
You shoot an arrow. The arrow barely misses the iguana.
You shoot an arrow. The arrow hits the scorpion.
The scorpion is lightly wounded.
You shoot an arrow. The arrow hits the scorpion.
The scorpion is moderately wounded.
The scorpion barely misses you.
You shoot an arrow. The arrow hits the scorpion.
The scorpion is heavily wounded.
The scorpion stings you.
You are poisoned.
The scorpion poisons you!
You shoot an arrow. The arrow hits the scorpion.
The scorpion is severely wounded.
You feel very sick.
The scorpion stings you but does no damage.
The scorpion stings you.
You shoot an arrow. The arrow hits the scorpion.
The scorpion is almost dead.
You feel very sick. The iguana bites you. The scorpion barely misses you.
You shoot an arrow. The arrow closely misses the scorpion.
You feel sick.
The iguana bites you but does no damage.
The scorpion misses you.
The iguana bites you but does no damage.
You shoot an arrow. The arrow barely misses the scorpion.
You feel sick.
The scorpion stings you but does no damage.
The scorpion stings you.
You are more poisoned.
The scorpion poisons you! The iguana bites you!
You die...

>........##....#....#
..............##....#
.........#.........##
........)#........##
.<.............####
.................#
.................##
.................#
......#.l@.......#
......s##........
......= ..........
........).........
#..=........##.#..
#............ ##
....... ##... .##....


You could see a scorpion and an iguana.

Vanquished Creatures
  A gnoll (D:1)
  2 adders
  A worm (D:3)
  5 orcs
  6 endoplasms
  5 hobgoblins
  2 quokkas (D:1)
  3 ball pythons (D:1)
  6 bats
  2 frilled lizards (D:3)
  4 goblins
  3 kobolds
  5 rats
45 creatures vanquished.

Notes
Turn   | Place    | Note
-------+----------+-------------------------------------------
     0 | D:1      | qw the Deep Elf Hunter began the quest for the Orb.
     0 | D:1      | Reached XP level 1. HP: 12/12 MP: 3/3
     0 | D:1      | 0 ||| qw: Version: 0.3-a-9-g12657ce
     0 | D:1      | 0 ||| qw: Game counter: 1660
     0 | D:1      | 0 ||| qw: Always use a shield: true
     0 | D:1      | 0 ||| qw: God list: Okawaru
     0 | D:1      | 0 ||| qw: Allow faded altars: false
     0 | D:1      | 0 ||| qw: Do Orc after D:15 true
     0 | D:1      | 0 ||| qw: Do second Lair branch before Depths: true
     0 | D:1      | 0 ||| qw: Lair rune preference: random
     0 | D:1      | 0 ||| qw: Plans: Normal
     0 | D:1      | 0 ||| PLANNING D:1-11
   232 | D:1      | Reached XP level 2. HP: 16/16 MP: 4/4
   252 | D:1      | Reached skill level 6 in Ranged Weapons
   558 | D:1      | 558 ||| UPGRADING to +0 ring mail.
   568 | D:1      | 568 ||| DROPPING +0 leather armour.
   569 | D:1      | 569 ||| DROPPING scroll of butterflies.
   611 | D:2      | Reached XP level 3. HP: 20/20 MP: 5/5
   720 | D:2      | Reached skill level 7 in Ranged Weapons
  1111 | D:2      | Found a faded altar of an unknown god.
  1112 | D:2      | 1112 ||| READING scroll labelled LOERIA LAMNEAF.
  1113 | D:2      | 1113 ||| READING scroll labelled XOACOA DO EFU.
  1115 | D:2      | 1115 ||| Stepping ~*~*~tactically~*~*~ (cloud).
  1211 | D:3      | Found a shimmering altar of Xom.
  1264 | D:3      | Found a shimmering blue altar of Sif Muna.
  1596 | D:3      | 1596 ||| UPGRADING to ring of resist corrosion.
  1597 | D:3      | 1597 ||| READING scroll labelled PARI WOVVA.
  1598 | D:3      | 1598 ||| DRINKING 2 clear potions.
  1646 | D:4      | Reached XP level 4. HP: 25/25 MP: 6/6
  1685 | D:4      | Noticed a scorpion
  1693 | D:4      | HP: 6/25 [poisoned by a scorpion]
  1694 | D:4      | HP: 2/25 [scorpion (3)]
  1694 | D:4      | Slain by an iguana

Levels and vault maps discovered:
D:1:      dpeg_arrival_pits, layout_loops_ring
D:2:      layout_loops_ring, shapermc_ecumenical_altar_mp_vishouse
D:3:      layout_rooms, mainiacjoe_overflow_boulevard, lemuel_blue_sif_altar
D:4:      layout_cave_pools, overflow_temple_1_default, uniq_menkaure

Skill      XL: |  1  2  3 |
---------------+----------+-----
Ranged Weapons | 6 7 |  7.6
Fighting       | |  1.5
Dodging        | |  2.4
Stealth        | |  1.2

Action                     |  1- 3 |  4- 6 || total
---------------------------+-------+-------++-------
   Fire: Shortbow          |   138 |    15 ||   153
    Use: Scroll            |     3 |       ||     3
         Potion            |     1 |       ||     1
 Armour: Leather armour    |     6 |       ||     6
         Ring mail         |    11 |     5 ||    16
  Dodge: Dodged            |    17 |     3 ||    20

Table legend:
 A = Non-vault XP
 B = Vault XP
 C = Vault XP percentage of total XP
 D = Non-vault monster count
 E = Vault monster count
 F = Vault count percentage of total count
                 A         B        C        D         E       F
            +---------+---------+-------+---------+---------+-------
      Total |     116 |       0 |   0.0 |      45 |       0 |   0.0
            +---------+---------+-------+---------+---------+-------
        D:1 |      38 |       0 |   0.0 |      17 |       0 |   0.0
        D:2 |      30 |       0 |   0.0 |      11 |       0 |   0.0
        D:3 |      27 |       0 |   0.0 |      13 |       0 |   0.0
        D:4 |      21 |       0 |   0.0 |       4 |       0 |   0.0
            +---------+---------+-------+---------+---------+-------
